 Dungeon Crawl Stone Soup version 0.28.0-1-gb440e238dd (webtiles) character file.

Game seed: 17935301389434338116

450 issech the Cudgeller (level 6, 0/62 HPs)
             Began as a Troll Monk on Feb 26, 2022.
             Slain by Grinder (4 damage)
             ... on level 3 of the Dungeon.
             The game lasted 00:14:07 (2828 turns).

issech the Cudgeller (Troll Monk)                   Turns: 2828, Time: 00:14:08

Health: 0/62       AC:  4    Str: 20    XL:     6   Next: 74%
Magic:  14/14      EV:  9    Int:  6    God:
Gold:   41         SH:  6    Dex: 14    Spells: 5/5 levels left

rFire   + . .      SeeInvis .   t - +1 dagger (venom)
rCold   . . .      Faith    .   v - +0 kite shield
rNeg    . . .      Spirit   .   s - +0 animal skin
rPois   .          Reflect  .   (helmet restricted)
rElec   .          Harm     .   (no cloak)
rCorr   .          Rampage  .   (gloves unavailable)
Will    .....                   (boots unavailable)
Stlth   ++........              (no amulet)
HPRegen 1.00/turn               q - ring of protection from fire
MPRegen 0.14/turn               A - ring of magical power

@: no status effects
A: large, unfitting armour, claws 3, regeneration 1, shaggy fur 1, tough skin 1
a: no special abilities


You were on level 3 of the Dungeon.
You visited 1 branch of the dungeon, and saw 3 of its levels.

You collected 41 gold pieces.

Inventory:

Hand Weapons
 a - a +0 mace
 c - a +1 dagger of holy wrath
 j - a +1 vampiric scythe
 n - a +0 flail
 r - a +0 dagger of venom
 t - a +1 dagger of venom (weapon)
 y - a +3 short sword
Missiles
 h - 43 sling bullets
 k - 22 arrows
 p - 20 stones (quivered)
 w - 3 boomerangs
Armour
 b - a +0 robe
 s - a +0 animal skin (worn)
 v - a +0 kite shield (worn)
Jewellery
 q - a ring of protection from fire (left claw)
 A - a ring of magical power (right claw)
Scrolls
 d - a scroll of silence {unknown}
 e - 2 scrolls of teleportation {unknown}
 f - a scroll of fear {unknown}
 g - a scroll of vulnerability {unknown}
 i - a scroll of fog {unknown}
 m - a scroll of enchant weapon {unknown}
 u - a scroll of amnesia {unknown}
 x - a scroll of identify {unknown}
Potions
 l - a potion of degeneration {unknown}
 o - a potion of curing {unknown}
 z - a potion of mutation {unknown}
 B - a potion of heal wounds


   Skills:
 + Level 3.7 Fighting
 + Level 5.1 Maces & Flails
 + Level 0.1 Polearms
 + Level 0.1 Throwing
 + Level 3.8 Dodging
 + Level 1.2 Stealth
 + Level 0.1 Shields


You had 5 spell levels left.
You didn't know any spells.
Your spell library contained the following spells:

 Spells                   Type           Power      Damage    Failure   Level
 Ozocubu's Armour         Ice            0%         N/A       99%         3
 Metabolic Englaciation   Hex/Ice        0%         N/A       100%        5
 Simulacrum               Ice/Necr       0%         N/A       100%        6


Dungeon Overview and Level Annotations

Branches:
Dungeon (3/15)

Altars:
Fedhas

Shops:
D:2 =

Annotations:
D:3 Grinder


Innate Abilities, Weirdness & Mutations

You are too large for most types of armour.
You have claws for hands.
Your natural rate of healing is unusually fast.
You are covered in fur. (AC +1)
You have tough skin. (AC +1)


Message History

You hit Grinder but do no damage.
Grinder is heavily wounded.
Grinder hits you.
* * * LOW HITPOINT WARNING * * *
You writhe in agony.
* * * LOW HITPOINT WARNING * * *
Unknown command.
You hit Grinder.
Grinder is severely wounded.
Grinder barely misses you.
You hit Grinder.
Grinder is severely wounded.
Grinder gestures at you. You resist with significant effort.
You block Grinder's attack.
You closely miss Grinder.
Grinder is severely wounded.
Grinder blinks!
You hit Grinder but do no damage.
Grinder is severely wounded.
Grinder barely misses you. Grinder gestures at you.
Pain shoots through your body!
* * * LOW HITPOINT WARNING * * *
You hit Grinder but do no damage.
Grinder looks even sicker.
Grinder is severely wounded.
You block Grinder's attack.
You closely miss Grinder.
Grinder is severely wounded.
Grinder hits you.
* * * LOW HITPOINT WARNING * * *
You closely miss Grinder.
Grinder is severely wounded.
Grinder hits you.
* * * LOW HITPOINT WARNING * * *
You writhe in agony.
* * * LOW HITPOINT WARNING * * *
You barely miss Grinder.
Grinder is almost dead.
Grinder hits you.
You die...

###.#.#...................
.....#.##8###8##...##8###
...#.####### #...# ##
###.#...##.# 8...8
#...####.# #...##
###.####.# #...# #.......#
#######5# #@# ###


You could see Grinder (very poisoned).

Vanquished Creatures
  Sigmund (D:2)
  A hound (D:3)
  An orc priest (D:3)
  Natasha (thrice) (D:2)
  Robin (D:2)
  4 gnolls
  2 adders
  A shadow imp (D:2)
  A worm (D:2)
  2 dart slugs (D:2)
  4 orcs (D:3)
  A bat (D:2)
  6 endoplasms
  2 giant cockroaches
  12 goblins
  7 hobgoblins
  6 quokkas
  6 ball pythons
  5 frilled lizards
  7 kobolds
  3 rats
  A spectral kobold (D:2)
77 creatures vanquished.

Notes
Turn   | Place    | Note
-------+----------+-------------------------------------------
     0 | D:1      | issech the Troll Monk began the quest for the Orb.
     0 | D:1      | Reached XP level 1. HP: 22/22 MP: 0/0
   138 | D:1      | Reached XP level 2. HP: 29/29 MP: 1/1
   372 | D:1      | Reached skill level 3 in Maces & Flails
   584 | D:1      | Reached XP level 3. HP: 33/36 MP: 2/2
  1013 | D:2      | Reached XP level 4. HP: 45/45 MP: 3/3
  1194 | D:2      | Found a faded altar of an unknown god.
  1299 | D:2      | Noticed Natasha
  1309 | D:2      | Killed Natasha
  1317 | D:2      | Found a blossoming altar of Fedhas.
  1319 | D:2      | Noticed Natasha
  1333 | D:2      | Killed Natasha
  1334 | D:2      | Reached skill level 4 in Maces & Flails
  1334 | D:2      | Reached XP level 5. HP: 44/53 MP: 4/4
  1384 | D:2      | Noticed Sigmund
  1503 | D:2      | Noticed Natasha
  1580 | D:2      | Killed Natasha
  1654 | D:2      | Killed Sigmund
  1655 | D:2      | Reached XP level 6. HP: 48/62 MP: 5/5
  2024 | D:2      | Found Kyss's Jewellery Shoppe.
  2198 | D:3      | Noticed Robin
  2240 | D:2      | Killed Robin
  2284 | D:2      | HP: 2/62 [poisoned by a goblin]
  2584 | D:3      | Reached skill level 5 in Maces & Flails
  2764 | D:3      | Noticed Grinder
  2769 | D:3      | Paralysed by Grinder for 3 turns
  2778 | D:3      | Paralysed by Grinder for 4 turns
  2797 | D:3      | Paralysed by Grinder for 4 turns
  2826 | D:3      | HP: 2/62 [Grinder (5)]
  2828 | D:3      | Slain by Grinder

Illustrated notes

Levels and vault maps discovered:
D:1:      elethiomel_arrival_quiet, layout_basic, nicolae_figureground_pulse
D:2:      layout_basic, basic_altar, serial_shops,
          nicolae_shop_advertising_works [nicolae_subvault_shop_adworks],
          dreamdust_ecumenical_altar_drowned_temple, uniq_sigmund, uniq_natasha
D:3:      kennysheep_big_flooded_room, layout_basic, corexii_hall_statues_x,
          uniq_grinder, uniq_robin, uniq_crazy_yiuf_cottage

Skill      XL: |  1  2  3  4  5  6 |
---------------+-------------------+-----
Maces & Flails | 3 4 5 |  5.1
Fighting       | 3 |  3.7
Dodging        | 3 |  3.8
Polearms       | |  0.1
Throwing       | |  0.1
Stealth        | |  1.2
Shields        | |  0.1

Action                   |  1- 3 |  4- 6 || total
-------------------------+-------+-------++-------
Melee: Mace              |   113 |       ||   113
       Flail             |     4 |   175 ||   179
       Punch             |     1 |     1 ||     2
       Dagger            |       |    26 ||    26
       Scythe            |       |     1 ||     1
Throw: Stone             |       |     4 ||     4
  Use: Potion            |       |     1 ||     1
Armor: Robe              |    26 |    38 ||    64
       Animal skin       |       |    17 ||    17
Dodge: Dodged            |    60 |   112 ||   172
Block: Kite shield       |       |    24 ||    24
